 Dungeon Crawl Stone Soup version 0.23.2-1-ga50397a6bc (webtiles) character file.

Game seed: 18013741086288704477

490 Menchi the Skirmisher (level 7, 0/67 HPs)
             Began as a Naga Fighter on May 18, 2019.
             Slain by Menkaure (14 damage)
             ... on level 4 of the Dungeon.
             The game lasted 00:08:11 (4557 turns).

Menchi the Skirmisher (Naga Fighter)                Turns: 4557, Time: 00:08:12

Health: 0/67       AC:  5    Str: 21    XL:     7   Next: 14%
Magic:  7/7        EV:  7    Int: 10    God:
Gold:   213        SH:  0    Dex: 10    Spells: 6/6 levels left

rFire    . . .     SeeInvis +   v - +0 halberd (chop)
rCold    + . .     Gourm    .   (shield currently unavailable)
rNeg     . . .     Faith    .   b - +0 scale mail
rPois    +         Spirit   .   (no helmet)
rElec    .         Reflect  .   (no cloak)
rCorr    .         Harm     .   (no gloves)
MR       .....                  (no barding)
Stlth    ..........             (no amulet)
HPRegen  0.21/turn              r - ring of protection from cold
MPRegen  0.10/turn              g - +2 ring of intelligence

@: hasted, quick
A: large, see invisible, deformed body, poison resistance, slowness 2, slow
metabolism 1, spit poison 1, AC +2
a: Spit Poison


You were on level 4 of the Dungeon.
You were hungry.

You visited 1 branch of the dungeon, and saw 4 of its levels.

You collected 213 gold pieces.

Inventory:

Hand Weapons
 a - a +0 trident
 v - a +0 halberd of chopping (weapon)
Armour
 b - a +0 scale mail (worn)
 c - a +1 shield
Jewellery
 g - a +2 ring of intelligence (right hand)
 i - an uncursed ring of flight
 r - a ring of protection from cold (left hand)
Wands
 d - a wand of polymorph (4)
 h - a wand of paralysis (10)
 q - a wand of acid (10)
Scrolls
 e - a scroll of blinking {unknown}
 l - 2 scrolls of magic mapping {unknown}
 o - 3 scrolls of teleportation
 p - a scroll of remove curse
 s - 4 scrolls of identify
 u - a scroll of fog
Potions
 j - a potion of lignification
 k - a potion of brilliance
 m - 2 potions of curing
 n - a potion of agility {unknown}
Comestibles
 f - 6 rations


   Skills:
 + Level 5.4 Fighting
 + Level 4.0 Polearms
 - Level 2.4 Armour
 - Level 4.3 Shields


You had 6 spell levels left.
You didn't know any spells.
Your spell library contained the following spells:

 Spells                   Type           Power        Failure   Level  Hunger
 Beastly Appendage        Tmut           #.....       71%         1    ##.....
 Sticks to Snakes         Tmut           #.......     83%         2    ###....
 Spider Form              Tmut/Pois      #.........   97%         3    ####...
 Ice Form                 Ice/Tmut       #.......     100%        4    #####..
 Blade Hands              Tmut           #.........   100%        5    ######.


Dungeon Overview and Level Annotations

Branches:
Dungeon (4/15)
 Temple: D:4-7

Altars:
Dithmenos
Nemelex Xobeh
Qazlal
Wu Jian
Zin

Shops:
D:4 (

Annotations:
D:4 Menkaure


Innate Abilities, Weirdness & Mutations

You cannot wear boots.
Your serpentine skin is tough. (AC +2)
You have supernaturally acute eyesight. (SInv)
Armour fits poorly on your strangely shaped body.
Your system is resistant to poisons. (rPois)
You cover ground very slowly.
You have a slow metabolism.
You can spit poison.


Message History

* * * LOW HITPOINT WARNING * * *
You are too injured to fight recklessly!
You are too injured to fight recklessly!
You feel much better.
Menkaure sighs in an indecipherable tongue.
Menkaure calls on the powers of darkness!
Your body is wracked with pain!
You are too injured to fight recklessly!
You are too injured to fight recklessly!
You are too injured to fight recklessly!
You are too injured to fight recklessly!
You slash Menkaure!
Menkaure is heavily damaged.
You hit Menkaure.
Menkaure is severely damaged.
Menkaure calls on the powers of darkness!
Your body is wracked with pain!
* * * LOW HITPOINT WARNING * * *
Menkaure hits you!
You die...

#........##........#.###......
#........##...................
########.##........#.#####.#..
#.##.......##.# #.#..
#.##.......##.#####.#..
##......................
...............###......
#.###..##.##### ##.....
#.@##.# ....... #.M##.#
.#..#.. #..##.# #..#.. #..##.#
.... #..##.. .##. #..#### ##
#... . ##.#


You could see Menkaure.

Vanquished Creatures
  An ogre (D:4)
  A howler monkey (D:4)
  An orc priest (D:4)
  2 orc wizards
  Natasha (thrice) (D:4)
  Ijyb (D:4)
  6 adders
  3 oozes
  2 worms (D:3)
  A dart slug (D:1)
  7 leopard geckos
  12 orcs
  8 bats
  3 giant cockroaches
  5 goblins
  11 hobgoblins
  11 jackals
  6 kobolds
  2 quokkas (D:3)
  A ball python (D:2)
  3 frilled lizards
  5 rats
95 creatures vanquished.

Notes
Turn   | Place    | Note
-------+----------+-------------------------------------------
     0 | D:1      | Menchi the Naga Fighter began the quest for the Orb.
     0 | D:1      | Reached XP level 1. HP: 21/21 MP: 1/1
   298 | D:1      | Reached XP level 2. HP: 28/28 MP: 2/2
   569 | D:1      | Reached XP level 3. HP: 15/34 MP: 3/3
  1392 | D:1      | Reached XP level 4. HP: 29/43 MP: 4/4
  2591 | D:3      | Reached XP level 5. HP: 32/50 MP: 5/5
  2653 | D:3      | Reached skill level 4 in Fighting
  3709 | D:3      | Found an ornate altar of the Wu Jian Council.
  3889 | D:4      | Noticed Natasha
  3910 | D:4      | Killed Natasha
  3910 | D:4      | Reached XP level 6. HP: 35/58 MP: 6/6
  4152 | D:4      | Noticed Natasha
  4159 | D:4      | Killed Natasha
  4159 | D:4      | Reached skill level 5 in Fighting
  4196 | D:4      | Noticed Natasha
  4202 | D:4      | Killed Natasha
  4219 | D:4      | Found a stormy altar of Qazlal.
  4265 | D:4      | Found Niss's Antique Weapon Shop.
  4281 | D:4      | Reached XP level 7. HP: 35/67 MP: 7/7
  4324 | D:4      | Found a sparkling altar of Nemelex Xobeh.
  4348 | D:4      | Found a shadowy altar of Dithmenos.
  4357 | D:4      | Found a glowing silver altar of Zin.
  4369 | D:4      | Noticed Ijyb
  4375 | D:4      | Killed Ijyb
  4547 | D:4      | Noticed Menkaure
  4557 | D:4      | Slain by Menkaure

Skill      XL: |  1  2  3  4  5  6  7 |
---------------+----------------------+-----
Shields        | 3 4 |  4.3
Fighting       | 4 5 |  5.4
Polearms       | 3 4 |  4.0
Armour         | |  2.4

Action                   |  1- 3 |  4- 6 |  7- 9 || total
-------------------------+-------+-------+-------++-------
Melee: Trident           |   130 |   160 |       ||   290
       Halberd           |       |   109 |     3 ||   112
 Abil: Spit Poison       |     2 |    15 |     2 ||    19
  Use: Scroll            |       |     7 |       ||     7
       Potion            |       |     6 |     2 ||     8
  Eat: Chunk             |     1 |     9 |       ||    10
Armor: Scale mail        |    54 |   131 |       ||   185
       Skin              |       |    15 |       ||    15
Dodge: Dodged            |    17 |    86 |       ||   103
Block: Shield            |    69 |   100 |       ||   169
